Workbook
Name cuadro10: #REF!
Name cuadro11: #REF!
Name cuadro6: #REF!
Name cuadro7: #REF!
Name cuadro7acumulado: #REF!
Name cuadro7mensual: #REF!
Name cuadro8: #REF!
Name EXPORTACIONES_CHILENAS_NO_COBRE_NO_LITIO_NO_CELULOSA_POR_REGIÓN: 'Tabla de Contenidos'!$C$16

Sheet Tabla de Contenidos
B3: Informe Mensual de Comercio Exterior de Chile - AGOSTO 2024
B5: Tabla de Cuadros:
B6: 1 | C6: INTERCAMBIO COMERCIAL DE CHILE - BIENES
B7: 2 | C7: EXPORTACIONES CHILENAS POR INDUSTRIA
B8: 3 | C8: IMPORTACIONES CHILENAS POR CATEGORÍA DE BIEN
B9: 4 | C9: EXPORTACIONES CHILENAS DE BIENES POR SECTOR
B10: 5 | C10: IMPORTACIONES CHILENAS DE BIENES POR SECTOR
B11: 6 | C11: EXPORTACIONES CHILENAS TOTALES Y DE SERVICIOS NO TRADICIONALES, SEGÚN SOCIO COMERCIAL
B12: 7 | C12: EXPORTACIONES CHILENAS DE BIENES NO TRADICIONALES, POR SOCIO COMERCIAL
B13: 8 | C13: IMPORTACIONES CHILENAS SEGÚN SOCIO COMERCIAL
B14: 9 | C14: EXPORTACIONES CHILENAS DE SERVICIOS NO TRADICIONALES
B15: 10 | C15: EXPORTACIONES CHILENAS TOTALES Y DE SERVICIOS NO TRADICIONALES POR REGIÓN
B16: 11 | C16: EXPORTACIONES CHILENAS NO COBRE, NO CARBONATO DE LITIO, NO CELULOSA, POR REGIÓN
B18: Informe elaborado con cifras del Banco Central de Chile, el Servicio Nacional de Aduanas y el Servicio de Impuestos Internos. Las cifras publicadas por los organismos compiladores mencionados difieren entre sí, debido a la cobertura sectorial y geográfica que cada fuente considera, en función de las metodologías de trabajo que rigen su respectiva compilación estadística, po rtanto sus totales no son comparables. Igualmente, se debe considerar que todas las cifras del presente informe están sujetas a las variaciones y correcciones de valor que se puedan realizar a los documentos aduaneros en forma posterior a su emisión y publicación. Elaborado por la División de Información Comercial y Análisis de Datos, Dirección de Estudios, SUBREI.

Sheet Cuadro 1
A2: Cuadro 1 | B2: INTERCAMBIO COMERCIAL DE CHILE - BIENES
B3: CIFRAS EN US$ MILLONES
B6: COMERCIO EXTERIOR DE CHILE | D6: enero-agoato | F6: variación período | H6: agosto | J6: variación período
B7: US$ Millones | D7: 2023 | E7: 2024 | F7: % | G7: US$ | H7: 2023 | I7: 2024 | J7: % | K7: US$
B8: Total Intercambio Comercial (I + II) | D8: 121290.03 | E8: 121590.03 | F8: 0.0024734291 | G8: 300.00228 | H8: 15839.442 | I8: 15467.891 | J8: -0.023457332 | K8: -371.55105
B9: Total Exportaciones (FOB)(I) | D9: 63868.824 | E9: 66300.909 | F9: 0.038079382 | G9: 2432.0853 | H9: 7904.0566 | I9: 8011.6106 | J9: 0.013607443 | K9: 107.554
B10: Total Importaciones (CIF)(II) | D10: 57421.206 | E10: 55289.123 | F10: -0.037130586 | G10: -2132.083 | H10: 7935.3856 | I10: 7456.2806 | J10: -0.060375774 | K10: -479.10505
B11: Total Importaciones (FOB)(III) | D11: 53260.241 | E11: 51335.675 | F11: -0.036135136 | G11: -1924.5661 | H11: 7422.0778 | I11: 6879.4241 | J11: -0.07311345 | K11: -542.65372
B12: Saldo Balanza Comercial (FOB) (I - III) | D12: 10608.582 | E12: 14965.234 | F12: - | G12: 4356.6514 | H12: 481.97873 | I12: 1132.1864 | J12: - | K12: 650.20771
B14: Fuente: SUBREI, con cifras del Banco Central de Chile.
B15: Cifras provisionales, sujetas a variaciones y correcciones de valor que se puedan realizar a los documentos aduaneros en forma posterior a su emisión y publicación.

Sheet Cuadro 2
A2: Cuadro 2 | B2: EXPORTACIONES CHILENAS POR INDUSTRIA
B3: CIFRAS EN US$ MILLONES
B6: EXPORTACIONES | D6: enero-agosto | F6: variación período | H6: agosto | J6: variación período
B7: US$ Millones | D7: 2023 | E7: 2024 | F7: % | G7: US$ | H7: 2023 | I7: 2024 | J7: % | K7: US$
B8: Total Intercambio Comercial | D8: 121290.03 | E8: 121590.03 | F8: 0.0024734291 | G8: 300.00228 | H8: 15839.442 | I8: 15467.891 | J8: -0.023457332 | K8: -371.55105
B9: Total Exportaciones (FOB)(I) | D9: 63868.824 | E9: 66300.909 | F9: 0.038079382 | G9: 2432.0853 | H9: 7904.0566 | I9: 8011.6106 | J9: 0.013607443 | K9: 107.554
B10: Total exportaciones mineras | D10: 34204.793 | E10: 37711.806 | F10: 0.10252988 | G10: 3507.0134 | H10: 4372.7214 | I10: 4706.936 | J10: 0.076431723 | K10: 334.21463
C11: Total exportaciones de cobre | D11: 27792.73 | E11: 32964.051 | F11: 0.18606741 | G11: 5171.3212 | H11: 3590.6898 | I11: 4270.6 | J11: 0.18935366 | K11: 679.91026
C12: Total exportaciones de carbonato de litio | D12: 3714.2645 | E12: 2014.3153 | F12: -0.45768125 | G12: -1699.9492 | H12: 461.56533 | I12: 141.23033 | J12: -0.69401877 | K12: -320.335
C13: Total exportaciones resto de minería | D13: 2697.7981 | E13: 2733.4395 | F13: 0.013211302 | G13: 35.641426 | H13: 320.46632 | I13: 295.10569 | J13: -0.079136646 | K13: -25.36063
B14: Total exportaciones no mineras | D14: 29664.031 | E14: 28589.103 | F14: -0.03623675 | G14: -1074.9281 | H14: 3531.3352 | I14: 3304.6745 | J14: -0.064185534 | K14: -226.66063
B15: Total exportaciones silvoagropecuarias | D15: 5749.7461 | E15: 6344.3856 | F15: 0.10342013 | G15: 594.63948 | H15: 352.85111 | I15: 374.33748 | J15: 0.060893583 | K15: 21.486369
C16: Frutas | D16: 5076.3101 | E16: 5742.4535 | F16: 0.13122592 | G16: 666.14345 | H16: 304.6134 | I16: 319.81963 | J16: 0.049919777 | K16: 15.206233
B17: Total exportaciones industriales | D17: 23914.285 | E17: 22244.717 | F17: -0.069814655 | G17: -1669.5676 | H17: 3178.4841 | I17: 2930.3371 | J17: -0.078070865 | K17: -248.147
C18: Alimentos | D18: 8644.3257 | E18: 8494.8103 | F18: -0.017296358 | G18: -149.51535 | H18: 1204.9721 | I18: 1051.4655 | J18: -0.12739437 | K18: -153.50667
C19: Salmón | D19: 4067.9649 | E19: 3868.4632 | F19: -0.04904213 | G19: -199.50166 | H19: 501.75665 | I19: 431.80129 | J19: -0.13942088 | K19: -69.955356
C20: Vino embotellado | D20: 835.21039 | E20: 884.44895 | F20: 0.058953482 | G20: 49.238561 | H20: 121.75909 | I20: 122.41387 | J20: 0.0053777006 | K20: 0.65478393
C21: Forestal y muebles de la madera | D21: 1544.5928 | E21: 1476.6805 | F21: -0.043967759 | G21: -67.912284 | H21: 239.74482 | I21: 232.76643 | J21: -0.029107577 | K21: -6.978391
C22: Químicos | D22: 7175.8849 | E22: 5397.1799 | F22: -0.24787256 | G22: -1778.705 | H22: 862.9317 | I22: 683.12636 | J22: -0.20836567 | K22: -179.80534
C23: Productos metálicos, maquinaria y equipos | D23: 1425.5863 | E23: 1469.0709 | F23: 0.030502937 | G23: 43.484569 | H23: 178.8503 | I23: 209.85112 | J23: 0.17333387 | K23: 31.000815
C24: Celulosa | D24: 1634.4041 | E24: 1843.6278 | F24: 0.12801222 | G24: 209.2237 | H24: 248.0357 | I24: 250.32213 | J24: 0.0092181489 | K24: 2.28643
B25: Total exportaciones no tradicionales | D25: 30727.425 | E25: 29478.915 | F25: -0.040631792 | G25: -1248.5103 | H25: 3603.7658 | I25: 3349.4581 | J25: -0.070567209 | K25: -254.30769
B26: Total exportaciones tradicionales | D26: 33141.399 | E26: 36821.994 | F26: 0.11105734 | G26: 3680.5957 | H26: 4300.2908 | I26: 4662.1525 | J26: 0.084148191 | K26: 361.86169
B28: Celulosa: Celulosa cruda de conífera, celulosa blanqueada y semiblanqueada de coníferas y eucaliptus.
B30: Fuente: SUBREI, con cifras del Banco Central de Chile.
B31: Cifras provisionales, sujetas a variaciones y correcciones de valor que se puedan realizar a los documentos aduaneros en forma posterior a su emisión y publicación.

Sheet Cuadro 3
A2: Cuadro 3 | B2: IMPORTACIONES CHILENAS POR CATEGORÍA DE BIEN
B3: CIFRAS EN US$ MILLONES
B6: IMPORTACIONES US$ Millones | C6: enero-agosto | E6: variación período | G6: agosto | I6: variación período
C7: 2023 | D7: 2024 | E7: % | F7: US$ | G7: 2023 | H7: 2024 | I7: % | J7: US$
B8: Total importaciones de bienes (CIF) | C8: 57421.206 | D8: 55289.123 | E8: -0.037130586 | F8: -2132.083 | G8: 7935.3856 | H8: 7456.2806 | I8: -0.060375774 | J8: -479.10505
B9: Bienes de consumo | C9: 14654.867 | D9: 14751.616 | E9: 0.00660179 | F9: 96.748357 | G9: 2181.7466 | H9: 2022.7126 | I9: -0.072893008 | J9: -159.03408
B10: Durables | C10: 4589.7472 | D10: 4604.9103 | E10: 0.003303684 | F10: 15.163075 | G10: 659.47015 | H10: 583.23446 | I10: -0.11560144 | J10: -76.235696
B11: Semidurables | C11: 3647.1439 | D11: 3713.655 | E11: 0.018236494 | F11: 66.511117 | G11: 569.58108 | H11: 565.9298 | I11: -0.006410468 | J11: -3.6512813
B12: Bienes intermedios | C12: 30991.928 | D12: 30019.143 | E12: -0.031388361 | F12: -972.78584 | G12: 4161.6359 | H12: 4014.2105 | I12: -0.035424863 | J12: -147.42538
B13: Productos energéticos | C13: 10839.348 | D13: 10251.037 | E13: -0.054275559 | F13: -588.31168 | G13: 1336.7908 | H13: 1204.3115 | I13: -0.099102556 | J13: -132.47939
B14: Resto bienes intermedios | C14: 20152.58 | D14: 19768.106 | E14: -0.01907816 | F14: -384.47416 | G14: 2824.8451 | H14: 2809.8991 | I14: -0.0052909072 | J14: -14.945993
B15: Bienes de capital | C15: 11774.411 | D15: 10518.365 | E15: -0.10667588 | F15: -1256.0455 | G15: 1592.003 | H15: 1419.3574 | I15: -0.10844552 | J15: -172.64559
B16: Camiones y vehículos de carga | C16: 1548.1748 | D16: 1413.8026 | E16: -0.086793904 | F16: -134.37213 | G16: 198.74403 | H16: 163.67763 | I16: -0.17644001 | J16: -35.0664
B17: Maquinaria para la minería y la construcción | C17: 950.91633 | D17: 663.56551 | E17: -0.30218307 | F17: -287.35082 | G17: 135.65379 | H17: 135.48784 | I17: -0.0012233249 | J17: -0.16594866
B19: Fuente: SUBREI, con cifras del Banco Central de Chile.
B20: Cifras provisionales, sujetas a variaciones y correcciones de valor que se puedan realizar a los documentos aduaneros en forma posterior a su emisión y publicación.

Sheet Cuadro 4
A2: Cuadro 4 | B2: EXPORTACIONES CHILENAS DE BIENES POR SECTOR
B3: CIFRAS EN US$ MILLONES
B6: Sector Exportador | C6: enero-agosto | H6: agosto
C7: =+'Cuadro 3'!C7 -> 2023 | D7: =+'Cuadro 3'!D7 -> 2024 | E7: % Var. '2024/2023 | F7: US$ Dif. '2024/2023 | G7: % Part. 2024 | H7: =+C7 -> 2023 | I7: =+D7 -> 2024 | J7: =+E7 -> % Var. '2024/2023 | K7: =+F7 -> US$ Dif. '2024/2023 | L7: =+G7 -> % Part. 2024
B8: Concentrados de cobre | C8: 15054.298 | D8: 20279.47 | E8: 0.34708839 | F8: 5225.172 | G8: 0.30587017 | H8: 1987.3573 | I8: 2636.3067 | J8: 0.32653889 | K8: 648.94944 | L8: 0.32906077
B9: Cátodos de cobre | C9: 11139.108 | D9: 11393.642 | E9: 0.02285048 | F9: 254.53397 | G9: 0.17184745 | H9: 1369.3604 | I9: 1501.0183 | J9: 0.096145533 | K9: 131.65789 | L9: 0.18735537
B10: Salmón | C10: 4067.9649 | D10: 3868.4632 | E10: -0.04904213 | F10: -199.50166 | G10: 0.058347062 | H10: 501.75665 | I10: 431.80129 | J10: -0.13942088 | K10: -69.955356 | L10: 0.05389694
B11: Oxido de molibdeno | C11: 1572.0682 | D11: 1212.802 | E11: -0.22853092 | F11: -359.26619 | G11: 0.018292389 | H11: 178.80009 | I11: 159.69553 | J11: -0.10684873 | K11: -19.104561 | L11: 0.019933012
B12: Celulosa blanqueada y semiblanqueada de eucaliptus | C12: 705.04666 | D12: 993.8477 | E12: 0.40961976 | F12: 288.80104 | G12: 0.014989956 | H12: 124.42493 | I12: 146.48157 | J12: 0.17726862 | K12: 22.056636 | L12: 0.01828366
B13: Carbonato de litio | C13: 3714.2645 | D13: 2014.3153 | E13: -0.45768125 | F13: -1699.9492 | G13: 0.030381413 | H13: 461.56533 | I13: 141.23033 | J13: -0.69401877 | K13: -320.335 | L13: 0.017628207
B14: Hierro | C14: 1039.872 | D14: 1144.4888 | E14: 0.10060551 | F14: 104.61685 | G14: 0.017262038 | H14: 114.57279 | I14: 127.79323 | J14: 0.11538894 | K14: 13.220433 | L14: 0.015951003
B15: Vino embotellado | C15: 835.21039 | D15: 884.44895 | E15: 0.058953482 | F15: 49.238561 | G15: 0.013339922 | H15: 121.75909 | I15: 122.41387 | J15: 0.0053777006 | K15: 0.65478393 | L15: 0.015279559
B16: Maquinaria y equipos | C16: 754.97426 | D16: 853.84739 | E16: 0.13096226 | F16: 98.873137 | G16: 0.012878366 | H16: 100.47854 | I16: 115.59274 | J16: 0.15042223 | K16: 15.114206 | L16: 0.014428153
B17: Yodo | C17: 929.28799 | D17: 939.41603 | E17: 0.010898704 | F17: 10.128034 | G17: 0.014168977 | H17: 146.20513 | I17: 88.932286 | J17: -0.39172936 | K17: -57.272842 | L17: 0.011100426
B18: Manzana | C18: 439.15251 | D18: 503.93188 | E18: 0.14750996 | F18: 64.779369 | G18: 0.0076006783 | H18: 58.942337 | I18: 85.401439 | J18: 0.44889809 | K18: 26.459102 | L18: 0.010659709
B19: Celulosa blanqueada y semiblanqueada de conífera | C19: 801.45564 | D19: 723.45902 | E19: -0.0973187 | F19: -77.996621 | G19: 0.010911751 | H19: 99.665255 | I19: 83.152195 | J19: -0.16568522 | K19: -16.51306 | L19: 0.010378961
... B60: Arándano | C60: 316.93302 | D60: 389.86542 | E60: 0.23011928 | F60: 72.932399 | G60: 0.0058802425 | H60: 0.42751687 | I60: 0.011199634 | J60: -0.97380306 | K60: -0.41631724 | L60: 1.3979254e-06
B61: Uva | C61: 900.33338 | D61: 1092.2004 | E61: 0.21310666 | F61: 191.86704 | G61: 0.016473385 | H61: 0 | I61: 0.011 | J61: #DIV/0! | K61: 0.011 | L61: 1.3730073e-06
B62: Ciruela | C62: 292.81662 | D62: 356.50872 | E62: 0.21751531 | F62: 63.692098 | G62: 0.0053771317 | H62: 0.13934038 | I62: 0 | J62: -1 | K62: -0.13934038 | L62: 0
B63: Cereza | C63: 1826.7871 | D63: 2233.2294 | E63: 0.22249024 | F63: 406.4423 | G63: 0.033683239 | H63: 0.21626246 | I63: 0 | J63: -1 | K63: -0.21626246 | L63: 0
B64: Total | C64: 63868.824 | D64: 66300.909 | E64: 0.038079382 | F64: 2432.0853 | G64: 1 | H64: 7904.0566 | I64: 8011.6106 | J64: 0.013607443 | K64: 107.554 | L64: 1
B67: Cifras provisionales, sujetas a variaciones y correcciones de valor que se puedan realizar a los documentos aduaneros en forma posterior a su emisión y publicación.

Sheet Cuadro 5
A2: Cuadro 5 | B2: IMPORTACIONES CHILENAS DE BIENES POR SECTOR
B3: CIFRAS EN US$ MILLONES
B6: Sector Importador | C6: enero-agosto | H6: agosto
C7: =+'Cuadro 3'!C7 -> 2023 | D7: =+'Cuadro 3'!D7 -> 2024 | E7: % Var. '2024/2023 | F7: US$ Dif. '2024/2023 | G7: % Part. 2024 | H7: =+C7 -> 2023 | I7: =+D7 -> 2024 | J7: =+E7 -> % Var. '2024/2023 | K7: =+F7 -> US$ Dif. '2024/2023 | L7: =+G7 -> % Part. 2024
B8: Petróleo | C8: 3523.5511 | D8: 3587.4482 | E8: 0.018134274 | F8: 63.897042 | G8: 0.064885242 | H8: 489.82892 | I8: 543.28155 | J8: 0.10912509 | K8: 53.452624 | L8: 0.072862273
B9: Otra maquinaria | C9: 2880.832 | D9: 2952.363 | E9: 0.024829981 | F9: 71.531004 | G9: 0.053398622 | H9: 426.65067 | I9: 441.28419 | J9: 0.034298594 | K9: 14.633518 | L9: 0.059182884
B10: Productos químicos | C10: 3141.0045 | D10: 3076.9995 | E10: -0.020377259 | F10: -64.005064 | G10: 0.055652889 | H10: 425.27438 | I10: 410.47462 | J10: -0.03480051 | K10: -14.799766 | L10: 0.055050855
B11: Productos metálicos | C11: 2278.3129 | D11: 2230.0554 | E11: -0.021181242 | F11: -48.257496 | G11: 0.040334432 | H11: 341.5044 | I11: 386.14404 | J11: 0.13071468 | K11: 44.63964 | L11: 0.051787756
B12: Partes y piezas de otras maquinarias y equipos | C12: 2269.957 | D12: 2242.2874 | E12: -0.01218948 | F12: -27.669596 | G12: 0.04055567 | H12: 352.92677 | I12: 359.79287 | J12: 0.019454745 | K12: 6.8661001 | L12: 0.048253666
B13: Diésel | C13: 3217.9383 | D13: 3179.9463 | E13: -0.011806298 | F13: -37.991937 | G13: 0.057514863 | H13: 400.05535 | I13: 344.27952 | J13: -0.13942028 | K13: -55.775829 | L13: 0.046173091
B14: Vestuario | C14: 1928.5351 | D14: 1889.277 | E14: -0.020356433 | F14: -39.258096 | G14: 0.034170862 | H14: 272.96296 | I14: 268.24725 | J14: -0.017275976 | K14: -4.7157015 | L14: 0.035976014
B15: Automóviles | C15: 1676.2791 | D15: 1536.8917 | E15: -0.083152885 | F15: -139.38744 | G15: 0.02779736 | H15: 233.92253 | I15: 193.618 | J15: -0.17229863 | K15: -40.30453 | L15: 0.025967102
B16: Camiones y vehículos de carga | C16: 1548.1748 | D16: 1413.8026 | E16: -0.086793904 | F16: -134.37213 | G16: 0.025571081 | H16: 198.74403 | I16: 163.67763 | J16: -0.17644001 | K16: -35.0664 | L16: 0.021951646
B17: Carne | C17: 1080.858 | D17: 1079.9175 | E17: -0.00087018932 | F17: -0.94055113 | G17: 0.019532187 | H17: 174.55605 | I17: 157.89685 | J17: -0.095437575 | K17: -16.659206 | L17: 0.021176355
B18: Otros alimentos | C18: 938.43709 | D18: 987.77965 | E18: 0.052579508 | F18: 49.342561 | G18: 0.017865714 | H18: 141.58299 | I18: 137.1021 | J18: -0.031648458 | K18: -4.4808832 | L18: 0.018387466
B19: Maquinaria para la minería y la construcción | C19: 950.91633 | D19: 663.56551 | E19: -0.30218307 | F19: -287.35082 | G19: 0.012001737 | H19: 135.65379 | I19: 135.48784 | J19: -0.0012233249 | K19: -0.16594866 | L19: 0.018170968
... B51: Total | C51: 57421.206 | D51: 55289.123 | E51: -0.037130586 | F51: -2132.083 | G51: 1 | H51: 7935.3856 | I51: 7456.2806 | J51: -0.060375774 | K51: -479.10505 | L51: 1
B53: Fuente: SUBREI, con cifras del Banco Central de Chile.
B54: Cifras provisionales, sujetas a variaciones y correcciones de valor que se puedan realizar a los documentos aduaneros en forma posterior a su emisión y publicación.

Sheet Cuadro 6
A2: Cuadro 6 | B2: EXPORTACIONES CHILENAS TOTALES Y DE SERVICIOS NO TRADICIONALES, SEGÚN SOCIO COMERCIAL
B3: CIFRAS EN US$ MILLONES
B6: Acuerdo Económico Comercial | C6: enero-agosto | H6: agosto
C7: 2023 | D7: 2024 | E7: % Var. '24/'23 | F7: US$ DIF. '24/'23 | G7: % Part. 2024 | H7: 2023 | I7: 2024 | J7: % Var. '24/'23 | K7: US$ DIF. '24/'23 | L7: % Part. 2024
B8: China | C8: 23478.001 | D8: 24679.02 | E8: 0.051155095 | F8: 1201.0194 | G8: 0.37041455 | H8: 2629.8865 | I8: 2456.7499 | J8: -0.065834246 | K8: -173.13659 | L8: 0.29916173
B9: Estados Unidos | C9: 10847.428 | D9: 10655.891 | E9: -0.017657417 | F9: -191.53757 | G9: 0.15993735 | H9: 1245.844 | I9: 1717.8049 | J9: 0.37882831 | K9: 471.96097 | L9: 0.20917941
B10: Unión Europea | C10: 5858.7821 | D10: 6130.7788 | E10: 0.046425452 | F10: 271.99661 | G10: 0.092018631 | H10: 706.66065 | I10: 857.88053 | J10: 0.21399222 | K10: 151.21988 | L10: 0.10446526
B11: Japón | C11: 4457.2043 | D11: 5206.7274 | E11: 0.1681599 | F11: 749.52305 | G11: 0.078149277 | H11: 517.60338 | I11: 689.2884 | J11: 0.33169223 | K11: 171.68502 | L11: 0.083935572
B12: Mercosur | C12: 3586.6625 | D12: 4185.1668 | E12: 0.16686943 | F12: 598.50433 | G12: 0.062816379 | H12: 440.43882 | I12: 546.8667 | J12: 0.24164055 | K12: 106.42788 | L12: 0.06659269
B13: Corea del Sur | C13: 4365.5427 | D13: 3575.4601 | E13: -0.18098155 | F13: -790.08268 | G13: 0.053665114 | H13: 400.08901 | I13: 504.48201 | J13: 0.26092444 | K13: 104.393 | L13: 0.061431451
B14: Alianza del Pacífico | C14: 3005.2051 | D14: 3152.895 | E14: 0.049144709 | F14: 147.68993 | G14: 0.047322712 | H14: 401.02457 | I14: 420.65716 | J14: 0.048956065 | K14: 19.632585 | L14: 0.051223986
B15: Sin Acuerdo | C15: 2872.4105 | D15: 2804.1633 | E15: -0.023759551 | F15: -68.247184 | G15: 0.042088498 | H15: 356.49847 | I15: 326.42568 | J15: -0.084355987 | K15: -30.07278 | L15: 0.039749293
B16: India | C16: 971.14889 | D16: 1661.2813 | E16: 0.71063504 | F16: 690.13242 | G16: 0.024934652 | H16: 93.843561 | I16: 197.67106 | J16: 1.1063891 | K16: 103.82749 | L16: 0.024070669
B17: EFTA | C17: 580.67805 | D17: 703.15127 | E17: 0.21091415 | F17: 122.47322 | G17: 0.010553801 | H17: 72.819179 | I17: 90.587113 | J17: 0.24400075 | K17: 17.767934 | L17: 0.011030914
B18: Centro América | C18: 448.41442 | D18: 464.6373 | E18: 0.036178315 | F18: 16.222878 | G18: 0.0069738756 | H18: 61.371965 | I18: 66.865703 | J18: 0.089515433 | K18: 5.493738 | L18: 0.0081423262
B19: Tailandia | C19: 420.4535 | D19: 456.47996 | E19: 0.085684781 | F19: 36.026466 | G19: 0.0068514398 | H19: 51.25097 | I19: 57.047519 | J19: 0.11310125 | K19: 5.796549 | L19: 0.0069467528
... B34: Total | C34: 64639.371 | D34: 66625.407 | E34: 0.030724869 | F34: 1986.0362 | G34: 1 | H34: 7433.1825 | I34: 8212.113 | J34: 0.10479097 | K34: 778.93044 | L34: 1

Sheet Cuadro 7
A2: Cuadro 7 | B2: EXPORTACIONES CHILENAS DE BIENES NO TRADICIONALES, POR SOCIO COMERCIAL
B3: CIFRAS EN US$ MILLONES
B6: Acuerdo Económico Comercial | C6: enero-agosto | H6: agosto
C7: 2023 | D7: 2024 | E7: % Var. '24/'23 | F7: US$ DIF. '24/'23 | G7: % Part. 2024 | H7: 2023 | I7: 2024 | J7: % Var. '24/'23 | K7: US$ DIF. '24/'23 | L7: % Part. 2024
B8: Estados Unidos | C8: 6692.2558 | D8: 6489.1297 | E8: -0.030352413 | F8: -203.12611 | G8: 0.22700095 | H8: 848.02554 | I8: 760.05329 | J8: -0.10373774 | K8: -87.972249 | L8: 0.24005899
B9: Mercosur | C9: 2521.181 | D9: 2634.1249 | E9: 0.044798014 | F9: 112.9439 | G9: 0.092146235 | H9: 315.16431 | I9: 370.18014 | J9: 0.17456239 | K9: 55.015833 | L9: 0.11691953
B10: Unión Europea | C10: 3287.4498 | D10: 2988.7921 | E10: -0.090847835 | F10: -298.6577 | G10: 0.10455311 | H10: 442.65643 | I10: 366.72384 | J10: -0.17153843 | K10: -75.932586 | L10: 0.11582787
B11: Alianza del Pacífico | C11: 2420.1166 | D11: 2392.7142 | E11: -0.011322747 | F11: -27.402369 | G11: 0.083701272 | H11: 305.79748 | I11: 326.95179 | J11: 0.06917752 | K11: 21.154311 | L11: 0.10326607
B12: China | C12: 5371.4108 | D12: 5337.4452 | E12: -0.0063234 | F12: -33.965579 | G12: 0.18671304 | H12: 340.03462 | I12: 284.88442 | J12: -0.16218995 | K12: -55.150199 | L12: 0.089979304
B13: Sin Acuerdo | C13: 2112.8696 | D13: 1959.6321 | E13: -0.07252576 | F13: -153.23748 | G13: 0.068551314 | H13: 262.84733 | I13: 259.9771 | J13: -0.010919753 | K13: -2.870228 | L13: 0.082112455
B14: Japón | C14: 1732.2517 | D14: 1688.6463 | E14: -0.025172675 | F14: -43.605408 | G14: 0.05907176 | H14: 209.25535 | I14: 207.39676 | J14: -0.0088818998 | K14: -1.858585 | L14: 0.065505219
B15: Corea del Sur | C15: 1473.9598 | D15: 963.9165 | E15: -0.34603609 | F15: -510.04329 | G15: 0.033719462 | H15: 157.65595 | I15: 117.44918 | J15: -0.25502855 | K15: -40.206768 | L15: 0.037095731
B16: EFTA | C16: 526.34925 | D16: 608.88357 | E16: 0.15680523 | F16: 82.534318 | G16: 0.021299798 | H16: 65.421961 | I16: 79.392837 | J16: 0.21355025 | K16: 13.970876 | L16: 0.025075826
B17: India | C17: 339.09272 | D17: 511.73619 | E17: 0.50913351 | F17: 172.64347 | G17: 0.017901415 | H17: 60.246977 | I17: 68.991885 | J17: 0.14515098 | K17: 8.744908 | L17: 0.021790738
B18: Centro América | C18: 432.32241 | D18: 449.55185 | E18: 0.039853203 | F18: 17.229433 | G18: 0.015726099 | H18: 59.944264 | I18: 64.981005 | J18: 0.084023736 | K18: 5.036741 | L18: 0.020523922
B19: Canadá | C19: 633.70489 | D19: 629.34813 | E19: -0.0068750566 | F19: -4.356757 | G19: 0.022015684 | H19: 65.09694 | I19: 47.643195 | J19: -0.26811928 | K19: -17.453745 | L19: 0.015047862
... B34: Total | C34: 29852.94 | D34: 28586.354 | E34: -0.042427487 | F34: -1266.5852 | G34: 1 | H34: 3402.0935 | I34: 3166.1105 | J34: -0.069364057 | K34: -235.98301 | L34: 1
B36: Fuente: SUBREI, con cifras del Servicio Nacional de Aduanas.
B37: Cifras provisionales, sujetas a variaciones y correcciones de valor que se puedan realizar a los documentos aduaneros en forma posterior a su emisión y publicación.

Sheet Cuadro 8
A2: Cuadro 8 | B2: IMPORTACIONES CHILENAS SEGÚN SOCIO COMERCIAL
B3: CIFRAS EN US$ MILLONES
B6: Acuerdo Económico Comercial | C6: enero-agosto | H6: agosto
C7: =+'Cuadro 3'!C7 -> 2023 | D7: =+'Cuadro 3'!D7 -> 2024 | E7: % Var. '2024/2023 | F7: US$ Dif. '2024/2023 | G7: % Part. 2024 | H7: =+C7 -> 2023 | I7: =+D7 -> 2024 | J7: =+E7 -> % Var. '2024/2023 | K7: =+F7 -> US$ Dif. '2024/2023 | L7: =+G7 -> % Part. 2024
B8: China | C8: 11650.062 | D8: 11972.808 | E8: 0.027703394 | F8: 322.74626 | G8: 0.23220808 | H8: 1813.4903 | I8: 1928.0457 | J8: 0.063168446 | K8: 114.55537 | L8: 0.27658016
B9: Mercosur | C9: 10688.502 | D9: 10527.881 | E9: -0.015027437 | F9: -160.62079 | G9: 0.20418427 | H9: 1508.6762 | I9: 1503.018 | J9: -0.003750429 | K9: -5.658183 | L9: 0.2156095
B10: Estados Unidos | C10: 10887.384 | D10: 10397.485 | E10: -0.044996916 | F10: -489.8987 | G10: 0.20165529 | H10: 1476.4973 | I10: 1305.141 | J10: -0.11605592 | K10: -171.35625 | L10: 0.18722384
B11: Unión Europea | C11: 7312.8473 | D11: 6909.4393 | E11: -0.055164293 | F11: -403.40805 | G11: 0.13400596 | H11: 990.87302 | I11: 859.01212 | J11: -0.13307548 | K11: -131.8609 | L11: 0.12322618
B12: Alianza del Pacífico | C12: 3244.1366 | D12: 3304.3596 | E12: 0.018563654 | F12: 60.223029 | G12: 0.064086802 | H12: 403.49194 | I12: 414.21098 | J12: 0.026565696 | K12: 10.719044 | L12: 0.059418996
B13: Sin Acuerdo | C13: 1912.0344 | D13: 1511.4412 | E13: -0.2095115 | F13: -400.59319 | G13: 0.02931383 | H13: 255.54882 | I13: 189.92436 | J13: -0.25679815 | K13: -65.624464 | L13: 0.027244846
B14: Japón | C14: 1371.5043 | D14: 1159.4189 | E14: -0.15463704 | F14: -212.08536 | G14: 0.02248649 | H14: 174.08104 | I14: 106.30859 | J14: -0.38931554 | K14: -67.772454 | L14: 0.015250077
B15: Corea del Sur | C15: 873.06705 | D15: 948.38348 | E15: 0.086266493 | F15: 75.316432 | G15: 0.018393538 | H15: 94.678768 | I15: 92.473769 | J15: -0.023289266 | K15: -2.204999 | L15: 0.013265458
B16: Vietnam | C16: 774.32829 | D16: 787.293 | E16: 0.016743166 | F16: 122.76778 | G16: 0.015269249 | H16: 122.76778 | I16: 95.901131 | J16: -0.21884118 | K16: -26.866645 | L16: 0.013757117
B17: India | C17: 813.09576 | D17: 755.3259 | E17: -0.071049266 | F17: -57.769857 | G17: 0.01464926 | H17: 98.328083 | I17: 92.049529 | J17: -0.063853111 | K17: -6.278554 | L17: 0.013204601
B18: Ecuador | C18: 705.46769 | D18: 626.02152 | E18: -0.1126149 | F18: -79.44617 | G18: 0.01214145 | H18: 39.45628 | I18: 72.404008 | J18: 0.83504395 | K18: 32.947728 | L18: 0.01038643
B19: Canadá | C19: 567.49586 | D19: 375.55051 | E19: -0.33823216 | F19: -191.94535 | G19: 0.0072836598 | H19: 71.88563 | I19: 44.818707 | J19: -0.37652759 | K19: -27.066923 | L19: 0.0064292901
... B33: Cuba | C33: 2.404236 | D33: 2.116868 | E33: -0.1195257 | F33: -0.287368 | G33: 4.1055853e-05 | H33: 0.249202 | I33: 0.343718 | J33: 0.37927464 | K33: 0.094516 | L33: 4.9306704e-05
B34: Total | C34: =SUM(C8:C33) -> 53336.136 | D34: =SUM(D8:D33) -> 51560.688 | E34: =+D34/C34-1 -> -0.033287902 | F34: =+D34-C34 -> -1775.4481 | G34: =+D34/D34 -> 1 | H34: =SUM(H8:H33) -> 7369.7121 | I34: =SUM(I8:I33) -> 6971.0196 | J34: =+I34/H34-1 -> -0.05409879 | K34: =+I34-H34 -> -398.69251 | L34: =+I34/I34 -> 1
B36: Fuente: SUBREI, con cifras del Servicio Nacional de Aduanas.
B37: Cifras provisionales, sujetas a variaciones y correcciones de valor que se puedan realizar a los documentos aduaneros en forma posterior a su emisión y publicación.

Sheet Cuadro 9
A2: Cuadro 9 | B2: EXPORTACIONES CHILENAS DE SERVICIOS NO TRADICIONALES* (TOP25)
B3: CIFRAS EN US$ MILLONES
B6: Servicio | C6: enero-agosto | H6: agosto
C7: 2023 | D7: 2024 | E7: % Var. '24/'23 | F7: US$ DIF. '24/'23 | G7: % Part. 2024 | H7: 2023 | I7: 2024 | J7: % Var. '24/'23 | K7: US$ DIF. '24/'23 | L7: % Part. 2024
B8: Servicios de suministro de sedes (hosting) para sitios Web y correo electrónico | C8: 160.58858 | D8: 263.22372 | E8: 0.63911855 | F8: 102.63514 | G8: 0.14566537 | H8: 19.896634 | I8: 28.361199 | J8: 0.42542698 | K8: 8.464565 | L8: 0.1369575
B9: Servicios de mantenimiento y reparación de aviones, helicópteros y otros aparatos aéreos | C9: 159.20723 | D9: 235.98949 | E9: 0.48227869 | F9: 76.782255 | G9: 0.13059422 | H9: 21.103175 | I9: 25.493815 | J9: 0.2080559 | K9: 4.39064 | L9: 0.12311078
B10: Servicios de apoyo técnico en Computación e Informática (mantenimiento y reparación), por vía remota (Internet) | C10: 138.38418 | D10: 124.38619 | E10: -0.10115314 | F10: -13.997995 | G10: 0.068834073 | H10: 37.493809 | I10: 11.576048 | J10: -0.69125441 | K10: -25.917761 | L10: 0.055901256
B11: Servicios de corretaje de reaseguros | C11: 39.799508 | D11: 39.108962 | E11: -0.017350616 | F11: -0.690546 | G11: 0.021642509 | H11: 3.906901 | I11: 10.41449 | J11: 1.6656652 | K11: 6.507589 | L11: 0.05029204
B12: Servicios de Comisionista Comercial | C12: 41.372959 | D12: 54.19384 | E12: 0.30988552 | F12: 12.820881 | G12: 0.029990329 | H12: 6.835925 | I12: 8.577415 | J12: 0.25475557 | K12: 1.74149 | L12: 0.041420723
B13: Servicios de asesoría en tecnologías de la información | C13: 68.157385 | D13: 71.880003 | E13: 0.05461797 | F13: 3.722618 | G13: 0.039777675 | H13: 9.609754 | I13: 7.917496 | J13: -0.17609795 | K13: -1.692258 | L13: 0.038233944
B14: Servicios de investigación y desarrollo en las ciencias médicas y farmaceúticas | C14: 7.076165 | D14: 52.920363 | E14: 6.4786785 | F14: 45.844198 | G14: 0.0292856 | H14: 0.671124 | I14: 7.729269 | J14: 10.516901 | K14: 7.058145 | L14: 0.037324987
B15: Servicios de distribución de cuotas de fondos de inversión extranjeros, tanto en el mercado local como internacional | C15: 18.223009 | D15: 28.31605 | E15: 0.55386248 | F15: 10.093041 | G15: 0.015669819 | H15: 2.574691 | I15: 7.646632 | J15: 1.9699222 | K15: 5.071941 | L15: 0.03692593
B16: Servicios de asesoría en gestión de la comercialización de empresas (marketing) | C16: 51.656465 | D16: 53.74908 | E16: 0.040510225 | F16: 2.092615 | G16: 0.029744204 | H16: 7.971627 | I16: 5.990038 | J16: -0.24858025 | K16: -1.981589 | L16: 0.028926163
B17: Servicios de asesoría en gestión de proyectos de ingeniería | C17: 55.6108 | D17: 46.679091 | E17: -0.16061105 | F17: -8.931709 | G17: 0.025831742 | H17: 7.851433 | I17: 5.259915 | J17: -0.33006943 | K17: -2.591518 | L17: 0.025400366
B18: Servicios de procesamiento de información | C18: 12.075644 | D18: 22.620104 | E18: 0.87320063 | F18: 10.54446 | G18: 0.012517739 | H18: 1.839612 | I18: 4.890944 | J18: 1.6586824 | K18: 3.051332 | L18: 0.023618588
B19: Otros servicios financieros por concepto de testigos expertos | C19: 6.686212 | D19: 24.758347 | E19: 2.7028959 | F19: 18.072135 | G19: 0.013701022 | H19: 0.95491 | I19: 4.579595 | J19: 3.7958394 | K19: 3.624685 | L19: 0.02211507
... B33: Total de todos los servicios | C33: 1437.3205 | D33: 1807.0438 | E33: 0.257231 | F33: 369.72337 | G33: 1 | H33: 234.6461 | I33: 207.08028 | J33: -0.11747827 | K33: -27.565819 | L33: 1
B35: Fuente: SUBREI, con cifras del Servicio Nacional de Aduanas.
B36: * Se consideran como servicios no tradicionales, a aquellos agrupados bajo la partida 0025 del Arancel Aduanero d+B69e la República de Chile, que cuentan con la calificación de servicio exportable realizada por el Servicio Nacional de Aduanas. Se utiliza esta clasificación pues es la única cifra oficial que permite medir en forma periódica las exportaciones de servicios a nivel de tipo de prestación, empresas exportadoras, países de destino y región de origen.
B38: Cifras provisionales, sujetas a variaciones y correcciones de valor que se puedan realizar a los documentos aduaneros en forma posterior a su emisión y publicación.

Sheet Cuadro 10
A2: Cuadro 10 | B2: EXPORTACIONES CHILENAS TOTALES Y DE SERVICIOS NO TRADICIONALES POR REGIÓN
B3: CIFRAS EN US$ MILLONES
B6: Acuerdo Económico Comercial | C6: enero-agosto | H6: agosto
C7: 2023 | D7: 2024 | E7: % Var. '24/'23 | F7: US$ DIF. '24/'23 | G7: % Part. 2024 | H7: 2023 | I7: 2024 | J7: % Var. '24/'23 | K7: US$ DIF. '24/'23 | L7: % Part. 2024
B8: Antofagasta | C8: 25367.513 | D8: 24320.549 | E8: -0.041271835 | F8: -1046.9638 | G8: 0.36503415 | H8: 2552.1282 | I8: 3361.8573 | J8: 0.31727604 | K8: 809.72913 | L8: 0.40937787
B9: Metropolitana | C9: 6820.0955 | D9: 6965.4228 | E9: 0.021308692 | F9: 145.32731 | G9: 0.10454605 | H9: 1001.3719 | I9: 867.77945 | J9: -0.13340944 | K9: -133.59247 | L9: 0.10567067
B10: Valparaíso | C10: 4285.7575 | D10: 4634.9787 | E10: 0.081484132 | F10: 349.22123 | G10: 0.069567736 | H10: 645.66168 | I10: 617.90214 | J10: -0.042993938 | K10: -27.759538 | L10: 0.075242771
B11: Atacama | C11: 3907.6021 | D11: 4542.2503 | E11: 0.16241373 | F11: 634.64823 | G11: 0.068175949 | H11: 509.46739 | I11: 540.9034 | J11: 0.061703678 | K11: 31.436012 | L11: 0.065866532
B12: Los Lagos | C12: 4557.2908 | D12: 4494.3413 | E12: -0.013812913 | F12: -62.94946 | G12: 0.067456869 | H12: 560.09701 | I12: 518.82525 | J12: -0.073686796 | K12: -41.271754 | L12: 0.063178046
B13: Biobío | C13: 4312.6378 | D13: 3593.5635 | E13: -0.16673655 | F13: -719.07436 | G13: 0.053936833 | H13: 639.78714 | I13: 447.85199 | J13: -0.29999846 | K13: -191.93516 | L13: 0.054535536
B14: Tarapacá | C14: 3105.8412 | D14: 4056.3459 | E14: 0.30603777 | F14: 950.5047 | G14: 0.060882868 | H14: 329.67124 | I14: 419.77497 | J14: 0.27331389 | K14: 90.10373 | L14: 0.051116561
B15: Coquimbo | C15: 2155.1744 | D15: 2809.6354 | E15: 0.30366963 | F15: 654.46101 | G15: 0.04217063 | H15: 237.409 | I15: 351.0956 | J15: 0.47886391 | K15: 113.6866 | L15: 0.042753382
B16: O`Higgins | C16: 4214.2196 | D16: 4681.1699 | E16: 0.11080351 | F16: 466.95031 | G16: 0.070261033 | H16: 300.6733 | I16: 280.36513 | J16: -0.06754231 | K16: -20.308169 | L16: 0.034140437
B17: Maule | C17: 2222.5621 | D17: 2357.5175 | E17: 0.060720646 | F17: 134.95541 | G17: 0.035384662 | H17: 242.08371 | I17: 256.33094 | J17: 0.058852515 | K17: 14.247235 | L17: 0.031213762
B18: Mercancía Extranjera Nacionalizada | C18: 1333.2767 | D18: 1369.7938 | E18: 0.027389006 | F18: 36.517123 | G18: 0.020559631 | H18: 154.12422 | I18: 173.88257 | J18: 0.12819754 | K18: 19.758347 | L18: 0.021173914
B19: Ñuble | C19: 332.19756 | D19: 800.58505 | E19: 1.4099666 | F19: 468.38748 | G19: 0.012016212 | H19: 26.336079 | I19: 118.11812 | J19: 3.4850304 | K19: 91.782036 | L19: 0.014383401
... B25: Total | C25: 64639.371 | D25: 66625.407 | E25: 0.030724869 | F25: 1986.0362 | G25: 1 | H25: 7433.1825 | I25: 8212.113 | J25: 0.10479097 | K25: 778.93044 | L25: 1
B27: Fuente: SUBREI, con cifras del Servicio Nacional de Aduanas.
B28: *Un producto exportado corresponde a Mercancía Extranjera Nacionalizada cuando ha ingresado a Chile desde el exterior, pagando sus derechos de importación, para luego ser exportado a otro destino.
B29: Cifras provisionales, sujetas a variaciones y correcciones de valor que se puedan realizar a los documentos aduaneros en forma posterior a su emisión y publicación.

Sheet Cuadro 11
A2: Cuadro 11 | B2: EXPORTACIONES CHILENAS NO COBRE, NO CARBONATO DE LITIO, NO CELULOSA, POR REGIÓN
B3: CIFRAS EN US$ MILLONES
B6: Región de origen | C6: enero-agosto | H6: agosto
C7: 2023 | D7: 2024 | E7: % Var. '24/'23 | F7: US$ DIF. '24/'23 | G7: % Part. 2024 | H7: 2023 | I7: 2024 | J7: % Var. '24/'23 | K7: US$ DIF. '24/'23 | L7: % Part. 2024
B8: Metropolitana | C8: 4782.7023 | D8: 4689.8258 | E8: -0.019419245 | F8: -92.87647 | G8: 0.1640582 | H8: 639.27354 | I8: 616.71339 | J8: -0.035290286 | K8: -22.560146 | L8: 0.19478581
B9: Los Lagos | C9: 4555.6664 | D9: 4492.11 | E9: -0.013951081 | F9: -63.556473 | G9: 0.15714176 | H9: 559.92001 | I9: 518.58405 | J9: -0.073824752 | K9: -41.335956 | L9: 0.16379215
B10: Antofagasta | C10: 4114.9205 | D10: 2642.8978 | E10: -0.35772811 | F10: -1472.0227 | G10: 0.092453125 | H10: 449.24437 | I10: 334.72736 | J10: -0.25491027 | K10: -114.517 | L10: 0.10572195
B11: Biobío | C11: 2934.6788 | D11: 2258.2203 | E11: -0.23050514 | F11: -676.45855 | G11: 0.078996441 | H11: 404.87051 | I11: 277.36786 | J11: -0.31492204 | K11: -127.50265 | L11: 0.087605237
B12: Maule | C12: 2171.9108 | D12: 2244.6351 | E12: 0.033484023 | F12: 72.72431 | G12: 0.078521208 | H12: 226.26533 | I12: 236.79559 | J12: 0.04653945 | K12: 10.530264 | L12: 0.074790691
B13: O`Higgins | C13: 3799.1192 | D13: 4447.9109 | E13: 0.17077423 | F13: 648.79165 | G13: 0.1555956 | H13: 266.95101 | I13: 235.81218 | J13: -0.11664626 | K13: -31.138837 | L13: 0.074480085
B14: Valparaíso | C14: 1639.1185 | D14: 1620.9887 | E14: -0.011060673 | F14: -18.129753 | G14: 0.056704982 | H14: 186.2392 | I14: 192.6016 | J14: 0.034162534 | K14: 6.362403 | L14: 0.060832243
B15: Atacama | C15: 1491.0401 | D15: 1708.1841 | E15: 0.14563259 | F15: 217.14404 | G15: 0.059755229 | H15: 151.39285 | I15: 171.27744 | J15: 0.13134436 | K15: 19.884596 | L15: 0.054097114
B16: Mercancía Extranjera Nacionalizada | C16: 1170.4738 | D16: 1094.005 | E16: -0.065331508 | F16: -76.468818 | G16: 0.038270182 | H16: 134.14002 | I16: 144.31255 | J16: 0.075835215 | K16: 10.172537 | L16: 0.045580391
B17: Magallanes | C17: 851.20815 | D17: 777.74412 | E17: -0.086305597 | F17: -73.464027 | G17: 0.027206831 | H17: 91.835312 | I17: 100.14525 | J17: 0.090487339 | K17: 8.309933 | L17: 0.03163037
B18: Ñuble | C18: 321.40353 | D18: 474.89634 | E18: 0.47757041 | F18: 153.49282 | G18: 0.016612693 | H18: 26.116796 | I18: 75.992599 | J18: 1.9097214 | K18: 49.875803 | L18: 0.024001878
B19: Coquimbo | C19: 607.76821 | D19: 617.05108 | E19: 0.015273716 | F19: 9.282879 | G19: 0.021585512 | H19: 81.238354 | I19: 65.227303 | J19: -0.19708734 | K19: -16.011051 | L19: 0.020601714
... B25: Total | C25: 29852.94 | D25: 28586.354 | E25: -0.042427487 | F25: -1266.5852 | G25: 1 | H25: 3402.0935 | I25: 3166.1105 | J25: -0.069364057 | K25: -235.98301 | L25: 1
B27: Fuente: SUBREI, con cifras del Servicio Nacional de Aduanas.
B28: *Un producto exportado corresponde a Mercancía Extranjera Nacionalizada cuando ha ingresado a Chile desde el exterior, pagando sus derechos de importación, para luego ser exportado a otro destino.
B29: Cifras provisionales, sujetas a variaciones y correcciones de valor que se puedan realizar a los documentos aduaneros en forma posterior a su emisión y publicación.
